 Dungeon Crawl Stone Soup version 0.30-a0-972-gf3ab3527aa (webtiles) character file.

Game seed: 16812306772272011727

139 vishdafish the Conjurer (level 5, 35/35 HPs)
             Began as a Demonspawn Conjurer on Mar 31, 2023.
             Quit the game on level 3 of the Dungeon.
             The game lasted 00:04:12 (3453 turns).

vishdafish the Conjurer (Demonspawn Conjurer)       Turns: 3453, Time: 00:04:13

Health: 35/35      AC:  6    Str:  7    XL:     5   Next: 1%
Magic:  9/9        EV: 12    Int: 21    God:
Gold:   233        SH:  4    Dex: 12    Spells: 9/10 levels left

rFire   . . .      SeeInvis .    p - +2 spear (venom)
rCold   . . .      Faith    .    (no shield)
rNeg    . . .      Spirit   .    a - +0 robe
rPois   .          Reflect  .    (no helmet)
rElec   .          Rampage  .    c - +1 cloak {rCorr}
rCorr   +                        (no gloves)
Will    .....                    (no boots)
Stlth   ++                       (no amulet)
HPRegen 0.25/turn                (no ring)
MPRegen 0.22/turn                (no ring)

@: no status effects
A: slimy green scales 1, magic regeneration, condensation shield
a: no special abilities


You were on level 3 of the Dungeon.
You visited 1 branch of the dungeon, and saw 3 of its levels.

You collected 233 gold pieces.

Inventory:

Hand Weapons
 d - a +2 dagger of draining
 p - a +2 spear of venom (weapon)
Armour
 a - a +0 robe (worn)
 c - a +1 cloak of preservation (worn)
Jewellery
 l - a ring of positive energy
 s - an amulet of regeneration
Scrolls
 g - a scroll of blinking {unknown}
 h - 2 scrolls of enchant armour {unknown}
 i - a scroll of immolation {unknown}
 j - 2 scrolls of amnesia {unknown}
 k - a scroll of butterflies {unknown}
 n - a scroll of teleportation {unknown}
 o - a scroll of silence {unknown}
 t - a scroll of poison {unknown}
Potions
 b - a potion of magic
 e - a potion of cancellation {unknown}
 f - a potion of invisibility {unknown}
 m - 2 potions of mutation {unknown}
 q - 2 potions of berserk rage {unknown}
 r - a potion of lignification {unknown}
 u - a potion of curing {unknown}


   Skills:
 + Level 2.7 Dodging
 + Level 3.0 Stealth
 + Level 3.0 Spellcasting
 + Level 4.6 Conjurations


You had 9 spell levels left.
You knew the following spells:

 Your Spells              Type           Power      Damage    Failure   Level
a - Magic Dart            Conj           88%        1d7       1%          1

Your spell library contained the following spells:

 Spells                   Type           Power      Damage    Failure   Level
 Searing Ray              Conj           44%        2d6       3%          2
 Dazzling Flash           Conj/Hex       24%        N/A       16%         3
 Cigotuvi's Dreadful Rot  Necr/Pois/Air  6%         N/A       21%         2
 Fulminant Prism          Conj/Hex       6%         3d7       45%         4
 Iskenderun's Mystic Bla  Conj/Tloc      12%        2d5       45%         4
 Dispel Undead            Necr           3%         3d7       78%         4
 Death Channel            Necr           1%         N/A       100%        6
 Starburst                Conj/Fire      6%         6d4       100%        6


Dungeon Overview and Level Annotations

Branches:
Dungeon (3/15)

Altars:


Innate Abilities, Weirdness & Mutations

You are partially covered in slimy green scales. (AC +2)
You regenerate magic rapidly.
A meltable shield of frost defends you. (SH +4)


Message History

No target in view!
You see here 3 stones.
You open the door.
There is an open door here.
Found a stone staircase leading down.
There is an open door here.
There is a stone staircase leading down here.
You open the door.
There is an open door here.
There is a stone staircase leading down here.
Key pressed, stopping explore.
u - a fizzy brown potion
There is an open door here.
An adder comes into view.
You reach to attack!
The helpless adder fails to defend itself.
You hit the adder.
The adder is poisoned.
The adder is lightly wounded.
The adder closely misses you.
You miss the adder.
The adder is moderately wounded.
The adder barely misses you.
You closely miss the adder.
The adder is moderately wounded.
The adder closely misses you. The adder bites you.
You barely miss the adder.
The adder is heavily wounded.
The adder bites you but does no damage.
You hit the adder.
The adder looks as sick as possible!
The adder is almost dead.
You kill the adder!
Your Stealth skill increases to level 3!
Your Spellcasting skill increases to level 3!
You have reached level 5!
Your demonic ancestry asserts itself...
Frost condenses into a shield before you.
You see here an adder corpse.
Found a stone staircase leading up.
Done exploring.
Are you sure you want to abandon this character and quit the game? (Confirm with "yes".)

.#.#.# #...........#
.#.#.# #.########.##
.#.#.# #.#.†....#.#
...#'#### #.#.###.##.#
........# #.#.#<#.##.#
........# #.#.#.#.##.#
........# #.#.#.#.##.#
####'#### #.#.#.#.##.#
#.# #.#.#.@.##.#
#.######.#.######.#
###......#.#........#
##........#.##########
..........#.#
..........#.#
#.........#.#
#.........#.#
#.........#.#


There were no monsters in sight!

Vanquished Creatures
  5 adders
  2 worms
  3 dart slugs
  9 endoplasms
  6 giant cockroaches
  8 goblins
  4 hobgoblins
  7 jackals (D:2)
  7 quokkas
  3 ball pythons
  6 bats
  6 kobolds
  8 rats
74 creatures vanquished.

Vanquished Creatures (others)
  3 plants (D:2)
3 creatures vanquished.

Grand Total: 77 creatures vanquished

Notes
Turn   | Place    | Note
-------+----------+-------------------------------------------
     0 | D:1      | vishdafish the Demonspawn Conjurer began the quest for the
                  | Orb.
     0 | D:1      | Reached XP level 1. HP: 13/13 MP: 3/3
   290 | D:1      | Gained mutation: You are partially covered in slimy green
                  | scales. (AC +2) [demonic ancestry]
   290 | D:1      | Reached XP level 2. HP: 10/18 MP: 5/5
   865 | D:1      | Reached XP level 3. HP: 20/24 MP: 6/6
  1505 | D:2      | Gained mutation: You regenerate magic rapidly. [demonic
                  | ancestry]
  1505 | D:2      | Reached XP level 4. HP: 30/30 MP: 2/7
  1615 | D:2      | Found a faded altar of an unknown god.
  3430 | D:3      | Gained mutation: A meltable shield of frost defends you.
                  | (SH +4) [demonic ancestry]
  3430 | D:3      | Reached XP level 5. HP: 32/35 MP: 9/9
  3453 | D:3      | Quit the game

Illustrated notes

Levels and vault maps discovered:
D:1:      saegor_arrival_simple_d, layout_loops_corners
D:2:      layout_loops_cross, shapermc_ecumenical_altar_mp_ritualfount,
          minmay_pentomino_pile
D:3:      layout_basic, minivault_11

Skill      XL: |  1  2  3  4 |
---------------+-------------+-----
Dodging        | 2 |  2.7
Stealth        | 2 3 |  3.0
Spellcasting   | 3 |  3.0
Conjurations   | |  4.6

Action                     |  1- 3 |  4- 6 || total
---------------------------+-------+-------++-------
  Melee: Unarmed           |    16 |       ||    16
         Dagger            |    81 |       ||    81
         Spear             |       |    36 ||    36
         Punch             |       |     1 ||     1
   Cast: Magic Dart        |    40 |    56 ||    96
   Stab: Sleeping          |     2 |     3 ||     5
 Armour: Robe              |    39 |    11 ||    50
  Dodge: Dodged            |    53 |    23 ||    76

Table legend: (Time is in decaauts)
 A = Elapsed time spent in this place.
 B = Non-inter-level travel time spent in this place.
 C = Inter-level travel time spent in this place.
 D = Time resting spent in this place.
 E = Time spent auto-exploring this place.
 F = Levels seen in this place.
 G = Mean time per level.
                   A        B        C        D        E       F      G
               +--------+--------+--------+--------+--------+-----+--------+
         Total |   3458 |   3130 |    328 |      0 |   2682 |   3 | 1152.7 |
       Dungeon |   3458 |   3130 |    328 |      0 |   2682 |   3 | 1152.7 |
               +--------+--------+--------+--------+--------+-----+--------+

Top non-repeatable levels by time:
     D:1: 1184 daAuts
     D:3: 1176 daAuts
     D:2: 1098 daAuts
